 Dungeon Crawl Stone Soup version 0.24.0-13-gcf9b3192b9 (webtiles) character file.

Game seed: 2319544844673612028, levelgen mode: deterministic

32131 Thantalas the Cleaver (level 13, -4/178 HPs)
             Began as a Minotaur Gladiator on Nov 7, 2019.
             Was an Initiate of Uskayaw.
             Slain by a blink frog (6 damage)
             ... on level 4 of the Lair of Beasts.
             The game lasted 00:32:40 (16200 turns).

Thantalas the Cleaver (Minotaur Gladiator)         Turns: 16200, Time: 00:32:41

Health: -4/178     AC: 26    Str: 22    XL:     13   Next: 29%
Magic:  3/27       EV:  2    Int:  8    God:    Uskayaw [......]
Gold:   1279       SH:  2    Dex: 14    Spells: 12/12 levels left

rFire    . . .     SeeInvis .   b - +6 glaive "Duovirph" {venom, Int+3}
rCold    . . .     Gourm    .   (shield currently unavailable)
rNeg     + + +     Faith    .   (armour currently unavailable)
rPois    +         Spirit   .   (helmet currently unavailable)
rElec    .         Reflect  +   (cloak currently unavailable)
rCorr    .         Harm     .   (gloves currently unavailable)
MR       +....     NoTele   +   (boots currently unavailable)
Stlth    +.........             x - +2 amulet of reflection
HPRegen  0.39/turn              r - ring of poison resistance
MPRegen  0.20/turn              l - ring "Microntiola" {rN+ MR+ MP+9 Slay+2}

@: tree-form
A: (retaliatory headbutt)
a: Renounce Religion


You were on level 4 of the Lair of Beasts.
You worshipped Uskayaw.
Uskayaw was aware of your devotion.
You were not hungry.
You were a tree.
You visited 3 branches of the dungeon, and saw 17 of its levels.
You also visited: Ossuary and Ice Cave.

You collected 1359 gold pieces.
You spent 80 gold pieces at shops.

Inventory:

Hand Weapons
 a - a +1 battleaxe of freezing
   (You took it off a white draconian in an ice cave)
 b - the +6 glaive "Duovirph" (weapon) {venom, Int+3}
   (You found it in an ice cave)

   It poisons the flesh of those it strikes.
   It affects your intelligence (+3).
 o - the +11 falchion of the Extremes {drain, Dex+4}
   (You found it on level 1 of the Lair of Beasts)

   A truly terrible weapon, it drains the life of those it strikes.
   It affects your dexterity (+4).
Missiles
 J - 5 throwing nets (quivered) {!f}
Armour
 p - the +3 crown of Dyrovepreva (melded) {rElec Int+2 SInv}
   (You found it on level 4 of the Dungeon)

   It affects your intelligence (+2).
   It insulates you from electricity.
   It lets you see invisible.
 w - a +0 plate armour (melded)
   (You took it off an orc warrior on level 6 of the Dungeon)
 z - the +1 robe of Vimyokhi {rF+ Dex+4}
   (You found it on level 5 of the Dungeon)

   It affects your dexterity (+4).
   It protects you from fire.
 E - a +2 cloak of cold resistance (melded)
   (You found it in an ice cave)
 G - a +1 pair of gloves of archery (melded)
   (You found it on level 11 of the Dungeon)
Jewellery
 l - the ring "Microntiola" (right branch) {rN+ MR+ MP+9 Slay+2}
   (You found it in an ossuary)

   [ring of magical power]

   It affects your accuracy and damage with ranged weapons and melee attacks
   (+2).
   It protects you from negative energy.
   It affects your resistance to hostile enchantments.
   It affects your magic capacity (+9).
 r - a ring of poison resistance (left branch)
   (You found it on level 2 of the Dungeon)
 x - a +2 amulet of reflection (around neck)
   (You found it on level 7 of the Dungeon)
 y - an uncursed amulet of guardian spirit
   (You found it on level 7 of the Dungeon)
 K - an uncursed amulet of the gourmand
   (You found it on level 4 of the Lair of Beasts)
Wands
 c - a wand of disintegration (3)
   (You found it on level 4 of the Lair of Beasts)
 t - a wand of flame (25)
   (You found it on level 7 of the Dungeon)
 v - a wand of digging (3)
   (You found it on level 1 of the Lair of Beasts)
Scrolls
 e - 4 scrolls of enchant armour
 i - a scroll of enchant weapon
 j - 8 scrolls of teleportation {@r4}
 q - 3 scrolls of fear
 s - 7 scrolls of remove curse {@r2}
 u - 2 scrolls of amnesia
 A - 3 scrolls of magic mapping
 C - 2 scrolls of blinking
 F - 3 scrolls of identify {@r1}
Potions
 g - 3 potions of agility
 h - a potion of might
 k - 12 potions of curing {@q1}
 m - 5 potions of brilliance
 n - 5 potions of flight
 B - a potion of lignification {!q}
 D - a potion of mutation {!q}
 I - 3 potions of haste {@q3}
Comestibles
 f - 30 rations {!d}
 H - 27 chunks of flesh


   Skills:
 + Level 12.4 Fighting
 + Level 12.7 Axes
 - Level 2.0 Throwing
 + Level 12.1 Armour
 + Level 11.7 Dodging
 + Level 9.3 Invocations
 - Level 3.3 Evocations


You had 12 spell levels left.
You didn't know any spells.
Your spell library contained the following spells:

 Spells                   Type           Power        Failure   Level  Hunger
 Infusion                 Chrm           #...         41%         1    ##.....
 Sandblast                Erth           #.....       41%         1    ##.....
 Shock                    Conj/Air       #...         41%         1    ##.....
 Passwall                 Tmut/Erth      #.......     54%         2    ###....
 Shroud of Golubria       Chrm/Tloc      #.....       54%         2    ###....
 Song of Slaying          Chrm           #.......     54%         2    ###....
 Swiftness                Chrm/Air       #.......     54%         2    ###....
 Regeneration             Chrm/Necr      #.........   78%         3    ####...
 Spectral Weapon          Hex/Chrm       #.......     78%         3    ####...
 Static Discharge         Conj/Air       #.......     78%         3    ####...
 Stone Arrow              Conj/Erth      #.....       78%         3    ####...
 Airstrike                Air            #.........   99%         4    #####..
 Cause Fear               Hex            #.........   99%         4    #####..
 Petrify                  Tmut/Erth      #.......     99%         4    #####..
 Lee's Rapid Deconstruct  Erth           #.........   100%        5    ######.
 Lightning Bolt           Conj/Air       #.........   100%        5    ######.
 Silence                  Hex/Air        #.........   100%        5    ######.
 Yara's Violent Unravell  Hex/Tmut       #.........   100%        5    ######.
 Deflect Missiles         Chrm/Air       #.........   100%        6    #######
 Discord                  Hex            #.........   100%        8    #######


Dungeon Overview and Level Annotations

Branches:
Dungeon (12/15)            Temple (1/1) D:5            Lair (4/6) D:8
  Swamp (0/4) Lair:2        Snake (0/4) Lair:2      Ossuary (visited)
  IceCv (visited)
    Orc: D:9-12

Altars:
Ashenzari
Cheibriados
Dithmenos
Elyvilon
Fedhas
Gozag
Hepliaklqana
Kikubaaqudgha
Makhleb
Nemelex Xobeh
Okawaru
Qazlal
Ru
Sif Muna
Trog
Uskayaw
Vehumet
Wu Jian
Xom
Yredelemnul
Zin
The Shining One

Shops:
D:10 *


Innate Abilities, Weirdness & Mutations

((You reflexively headbutt those who attack you in melee.))
((You have a pair of horns on your head.))


Message History

You headbutt the komodo dragon! The blink frog barely misses you.
The blink frog closely misses you. The komodo dragon bites you.
* * * LOW HITPOINT WARNING * * *
The blink frog hits you but does no damage. x2
You can now stomp with the beat.
You closely miss the komodo dragon.
The blink frog hits you but does no damage.
The blink frog hits you.
* * * LOW HITPOINT WARNING * * *
The komodo dragon bites you.
* * * LOW HITPOINT WARNING * * *
You block the blink frog's attack. The blink frog hits you.
* * * LOW HITPOINT WARNING * * *
The komodo dragon barely misses you. You furiously retaliate!
You headbutt the komodo dragon.
You stomp with the beat, sending a shockwave through the revelers around you!
You kill the blink frog!
You kill the komodo dragon!
You feel somewhat more hungry.
You can no longer stomp with the beat.
The blink frog hits you.
* * * LOW HITPOINT WARNING * * *
You can now stomp with the beat.
You stomp with the beat, sending a shockwave through the revelers around you!
You feel somewhat more hungry.
You can no longer stomp with the beat.
The blink frog barely misses you. The yak gores you but does no damage.
You block the blink frog's attack.
Really quaff
B - 2 potions of lignification {!q}?
Really quaff the potion of lignification?
You turn into a tree.
Your +2 cloak of cold resistance melds into your body.
The +3 crown of Dyrovepreva {rElec Int+2 SInv} melds into your body.
Your +1 pair of gloves of archery melds into your body.
Your +0 plate armour melds into your body.
You feel less resistant to cold.
Your aim is not that steady anymore.
Your roots penetrate the ground.
The yak gores you but does no damage.
The blink frog hits you but does no damage.
You slash the yak!
The yak is poisoned.
The blink frog blinks!
The yak gores you.
* * * LOW HITPOINT WARNING * * *
You can now stomp with the beat.
You stomp with the beat, sending a shockwave through the revelers around you!
You feel somewhat more hungry.
You can no longer stomp with the beat.
The yak gores you but does no damage.
Okay, then.
You slice the yak!!
You kill the yak!
The blink frog hits you.
You die...

... ... #... ### .... #...
.... #....#... ......
.#....#.r###...##### ###
...................# ...l
#....##.†#F###...... ....
#.....#..♣.........# .....
#......†..........##.....
#....................##.#
..................<.###...
..........................
..........................
......#####.#P............
.......####.##............
#.....##......#....###..##


You could see a blink frog and a hell rat.

Vanquished Creatures
  A white draconian (IceCv)
  2 hydras (Lair:3)
  An unseen horror (D:11)
  Pikel (D:4)
  An ugly thing (D:11)
  A centaur zombie (D:11)
  A black mamba (Lair:2)
  A guardian serpent (Lair:2)
  An ice statue (IceCv)
  A torpor snail (Lair:4)
  12 komodo dragons
  5 spiny frogs
  2 ice devils (Lair:2)
  9 blink frogs
  14 polar bears (IceCv)
  A bog body (Lair:2)
  3 dream sheep (Lair:4)
  5 hippogriffs
  A spriggan (D:7)
  4 basilisks (Lair:1)
  31 yaks
  2 wyverns
  2 humans (D:7)
  4 swamp worms (Lair:2)
  A soldier ant (D:11)
  Duvessa (D:7)
  9 water moccasins
  4 porcupines
  An ice beast (D:7)
  8 orc warriors
  5 sky beasts
  7 wolves (IceCv)
  4 necrophages
  2 phantoms
  6 ogres
  5 centaurs
  2 big kobolds
  6 crocodiles
  An elf zombie (Ossuary)
  Blork the orc (D:5)
  15 bullfrogs
  Dowan (D:7)
  4 scorpions
  2 wyvern skeletons (D:11)
  8 killer bees
  8 wights
  3 howler monkeys
  An electric eel (Lair:2)
  3 crimson imps
  A bullfrog zombie (D:7)
  13 orc priests
  4 hounds
  Crazy Yiuf (D:5)
  A gnoll shaman (D:6)
  2 jellies
  11 orc wizards
  A centaur skeleton (D:5)
  9 iguanas
  Natasha (twice) (D:4)
  4 worker ants
  A hound skeleton (D:4)
  A hound zombie (Ossuary)
  4 mummies (Ossuary)
  A worker ant zombie (D:10)
  Robin (D:2)
  4 gnolls
  12 adders
  3 shadow imps
  2 oozes
  An adder skeleton (D:5)
  3 adder zombies
  2 dart slugs
  10 leopard geckos
  47 orcs
  10 bats
  7 giant cockroaches
  10 hobgoblins
  15 jackals
  14 kobolds
  9 quokkas
  4 ball pythons
  3 frilled lizards
  18 goblins
  A hobgoblin zombie (Ossuary)
  3 jackal zombies
  3 kobold zombies (Ossuary)
  3 orc zombies (Ossuary)
  2 quokka skeletons
  8 rats
  2 bushes (D:8)
467 creatures vanquished.

Vanquished Creatures (collateral kills)
  A shadow (D:11)
1 creature vanquished.

Vanquished Creatures (others)
  2 fungi (Lair:3)
  2 plants (Lair:2)
4 creatures vanquished.

Grand Total: 472 creatures vanquished

Notes
Turn   | Place    | Note
-------+----------+-------------------------------------------
     0 | D:1      | Thantalas the Minotaur Gladiator began the quest for the
                  | Orb.
     0 | D:1      | Reached XP level 1. HP: 18/18 MP: 0/0
    19 | D:1      | Reached skill level 1 in Armour
    19 | D:1      | Reached XP level 2. HP: 25/25 MP: 1/1
   369 | D:1      | Reached XP level 3. HP: 30/31 MP: 2/2
  1237 | D:2      | Found a bloodstained altar of Trog.
  1245 | D:2      | Noticed Robin
  1265 | D:2      | Reached XP level 4. HP: 18/38 MP: 3/3
  1270 | D:2      | Killed Robin
  2222 | D:3      | Reached XP level 5. HP: 31/46 MP: 4/4
  2372 | D:3      | Noticed an orc warrior
  2380 | D:3      | Killed an orc warrior
  2380 | D:3      | Reached skill level 5 in Axes
  2380 | D:3      | Reached skill level 1 in Evocations
  2388 | D:3      | Reached XP level 6. HP: 32/52 MP: 5/5
  2519 | D:3      | Found a glowing silver altar of Zin.
  3079 | D:4      | Noticed a sky beast
  3090 | D:4      | Killed a sky beast
  3091 | D:4      | Found a white marble altar of Elyvilon.
  3121 | D:4      | Reached skill level 5 in Dodging
  3121 | D:4      | Reached XP level 7. HP: 57/60 MP: 7/7
  3199 | D:4      | Reached skill level 5 in Fighting
  3223 | D:4      | Found a basalt altar of Yredelemnul.
  3223 | D:4      | Found a glowing golden altar of the Shining One.
  3224 | D:4      | Found a shadowy altar of Dithmenos.
  3240 | D:4      | Found a sacrificial altar of Ru.
  3273 | D:4      | Noticed Natasha
  3278 | D:4      | Killed Natasha
  3474 | D:4      | Noticed Pikel
  3492 | D:4      | Killed Pikel
  3492 | D:4      | Reached skill level 5 in Armour
  3492 | D:4      | Reached XP level 8. HP: 70/70 MP: 7/9
  3573 | D:4      | Found the +3 crown of Dyrovepreva {rElec Int+2 SInv}
  3689 | D:4      | Noticed Natasha
  3699 | D:4      | Killed Natasha
  3814 | D:5      | Entered Level 5 of the Dungeon
  3829 | D:5      | Found a staircase to the Ecumenical Temple.
  3842 | Temple   | Entered the Ecumenical Temple
  3899 | Temple   | Became a worshipper of Uskayaw the Reveler
  3939 | D:5      | Reached * piety under Uskayaw
  4056 | D:5      | Reached ** piety under Uskayaw
  4240 | D:5      | Reached skill level 1 in Invocations
  4390 | D:5      | Got a silken robe
  4492 | D:5      | Found a runed translucent door.
  4493 | D:5      | Noticed Crazy Yiuf
  4493 | D:5      | Noticed Blork the orc
  4498 | D:5      | Killed Crazy Yiuf
  4498 | D:5      | Killed Blork the orc
  4524 | D:5      | Identified the +1 robe of Vimyokhi {rF+ Dex+4} (You found
                  | it on level 5 of the Dungeon)
  4606 | D:6      | Reached *** piety under Uskayaw
  4608 | D:6      | Reached **** piety under Uskayaw
  4669 | D:6      | Reached XP level 9. HP: 62/78 MP: 10/10
  6209 | D:7      | Noticed Duvessa
  6210 | D:7      | Noticed Dowan
  6234 | D:7      | Killed Duvessa
  6240 | D:7      | Reached ***** piety under Uskayaw
  6241 | D:7      | Killed Dowan
  6305 | D:7      | Reached XP level 10. HP: 53/88 MP: 12/12
  6692 | D:7      | Found an iron altar of Okawaru.
  6928 | D:8      | Found a sand-covered staircase.
  6933 | Ossuary  | Entered an ossuary
  7000 | Ossuary  | Got a twitching platinum ring
  7082 | Ossuary  | Identified the ring "Microntiola" {rN+ MR+ MP+9 Slay+2}
                  | (You found it in an ossuary)
  7234 | D:8      | Found a staircase to the Lair.
  7256 | D:8      | Found a blossoming altar of Fedhas.
  7312 | D:8      | Reached skill level 5 in Invocations
  8060 | D:9      | Reached ****** piety under Uskayaw
  8254 | D:9      | Found an iron altar of Okawaru.
  8522 | D:10     | Entered Level 10 of the Dungeon
  8920 | D:10     | Found Ves Qirievom's General Store.
  8926 | D:10     | Found a shimmering altar of Xom.
  9081 | D:10     | Reached skill level 10 in Axes
  9081 | D:10     | Reached XP level 11. HP: 96/97 MP: 14/14
  9295 | D:10     | Bought a potion of mutation for 80 gold pieces
  9503 | D:11     | Found a glowing golden altar of the Shining One.
  9544 | D:11     | Noticed a purple ugly thing
  9554 | D:11     | Killed a purple ugly thing
  9719 | D:11     | Noticed an unseen horror
  9726 | D:11     | Reached skill level 10 in Fighting
  9732 | D:11     | Killed an unseen horror
 10025 | Lair:1   | Entered Level 1 of the Lair of Beasts
 10172 | Lair:1   | Got an encrusted falchion
 10189 | Lair:1   | Identified the +11 falchion of the Extremes {drain, Dex+4}
                  | (You found it on level 1 of the Lair of Beasts)
 10253 | Lair:1   | Reached skill level 10 in Armour
 10568 | Lair:1   | Reached skill level 10 in Dodging
 11693 | Lair:2   | Reached XP level 12. HP: 99/108 MP: 16/16
 11797 | Lair:2   | Found a frozen archway.
 11818 | IceCv    | Entered an ice cave
 12298 | IceCv    | Noticed a white draconian
 12317 | IceCv    | Killed a white draconian
 12535 | IceCv    | Got a steaming glaive
 12549 | IceCv    | Identified the +6 glaive "Duovirph" {venom, Int+3} (You
                  | found it in an ice cave)
 13002 | Lair:2   | Found a staircase to the Snake Pit.
 13304 | Lair:2   | Found a staircase to the Swamp.
 14097 | Lair:3   | Noticed a four-headed hydra
 14110 | Lair:3   | Killed a ten-headed hydra
 14174 | Lair:3   | Reached XP level 13. HP: 25/118 MP: 18/18
 14497 | Lair:3   | Found a sacrificial altar of Ru.
 16194 | Lair:4   | HP: 4/119 [blink frog (5)]
 16198 | Lair:4   | HP: 1/178 [yak (5)]
 16200 | Lair:4   | Slain by a blink frog

Levels and vault maps discovered:
D:1:      elethiomel_arrival_quiet, layout_loops_cross, serial_forest,
          infiniplex_forest_lined_corner, infiniplex_forest_straight_3,
          infiniplex_forest_3_way, infiniplex_forest_clump_tiny,
          infiniplex_forest_lined_corner, infiniplex_forest_end_3,
          infiniplex_forest_end_1, infiniplex_forest_end_2, minmay_pentomino_z4
D:2:      layout_loops_corners, grunt_ministairs_14, trog_three_pillars_becter,
          uniq_robin
D:3:      layout_loops_cross, lemuel_crystal_altar, first_ration,
          guppyfry_early_lair_pool
D:4:      layout_gridville, elyvilon_altar_4, nicolae_overflow_quartered_altars,
          uniq_pikel, uniq_natasha
D:5:      layout_gridville, minmay_temple_entry_junction_2,
          uniq_crazy_yiuf_cottage, uniq_blork_the_orc
D:6:      layout_layer_cave
D:7:      layout_loops_ring, okawaru_humans, the_bakery, uniq_duvessa
D:8:      layout_cave_pools, fedhas_bush_and_centaur_altar, lair_entry_dummy,
          enter_ossuary_2, minivault_10
D:9:      layout_roguey, basic_altar, serial_bayou_pond_c
D:10:     layout_small_grid, serial_shops, shop, basic_altar,
          minmay_misc_feat_enclosed
D:11:     layout_roguey, basic_altar, st_stairs_10
D:12:     layout_cave_pods, zombieorc2_lemuel, uniq_psyche
Temple:   zaba_magenta_temple
Lair:1:   beast_lair_carwin_large_4, layout_regular_city, st_stairs_5,
          grunt_megastairs_2
Lair:2:   layout_regular_city, nicolae_swamp_entry_splash_gauntlet,
          minmay_snake_entry_spellcaster, portal_ice_cave_demonic_guard,
          grunt_forest_small_clearings
Lair:3:   layout_layer_cave, basic_altar
Lair:4:   minmay_lair_oklob_tunnel, layout_regular_city, st_stairs_13,
          beast_lair_carwin_8

Skill      XL: |  1  2  3  4  5  6  7  8  9 10 11 12 13 |
---------------+----------------------------------------+-----
Armour         | 1 2 3 5 6 7 9 10 11 12 | 12.1
Axes           | 4 5 6 7 8 10 11 12 | 12.7
Fighting       | 3 4 5 6 8 9 10 12 | 12.4
Dodging        | 4 5 6 7 9 10 11 | 11.7
Evocations     | 1 2 3 |  3.3
Invocations    | 2 4 5 7 8 9 |  9.3
Throwing       | |  2.0

Action                   |  1- 3 |  4- 6 |  7- 9 | 10-12 | 13-15 || total
-------------------------+-------+-------+-------+-------+-------++-------
Melee: War axe           |    65 |   126 |    80 |       |       ||   271
       Headbutt          |     7 |    22 |    45 |   130 |    12 ||   216
       Quarterstaff      |       |       |   144 |   379 |       ||   523
       Battleaxe         |       |       |       |   171 |       ||   171
       Glaive            |       |       |       |    53 |    61 ||   114
Invok: Stomp             |       |       |     3 |     5 |    12 ||    20
       Line Pass         |       |       |     2 |     4 |     4 ||    10
Evoke: Wand              |       |       |     5 |    17 |       ||    22
  Use: Scroll            |       |    11 |     5 |    11 |     2 ||    29
       Potion            |       |       |     3 |    11 |     2 ||    16
 Stab: Paralysed         |       |       |    14 |    51 |     2 ||    67
       Confused          |       |       |     1 |     5 |       ||     6
  Eat: Chunk             |     1 |     6 |    12 |    18 |     2 ||    39
       Ration            |       |       |       |     3 |     2 ||     5
Armor: Leather armour    |    10 |       |       |       |       ||    10
       Scale mail        |    18 |    50 |    62 |       |       ||   130
       Plate armour      |       |       |    48 |   398 |    72 ||   518
       Skin              |       |       |       |       |     3 ||     3
Dodge: Dodged            |    48 |    78 |   140 |   438 |    68 ||   772
Block: Other             |       |       |       |    48 |    10 ||    58
       Reflection        |       |       |       |     1 |       ||     1
